Cogmind - Beta 16.1 @@@ ROGUE MODE // 2026.02.20 @ 18:50:06 Player: GlasMayne Result: Destroyed by G-47 Trooper with Particle Gun Performance ------------- Evolutions (1) 500 Regions Visited (2) 400 Robots Destroyed (35) 175 Value Destroyed (953) 953 Prototype IDs (0) 0 Alien Tech Used (0) 0 Bonus (0) 0 TOTAL SCORE: 2028 Bonus ------- None Cogmind --------- Core Integrity 0/400 Matter 3/300 Energy 63/100 System Corruption 0% Temperature Cool (9) Movement Core (850) Ox16 Location -9/Materials Parts ------- > --- POWER (1) -------- (None) > --- PROPULSION (2) --- (None) > --- UTILITY (4) ------ High-capacity Storage Unit Advanced Visual Processing Unit Terrain Scan Processor Transport Network Coupler > --- WEAPON (2) ------- EM Pulse Cannon Shotgun > --- INVENTORY (20) --- Light Treads Light Treads Light Treads Light Treads Light Treads Aluminum Leg Small Storage Unit Small Storage Unit Visual Processing Unit Advanced Visual Processing Unit Light Armor Plating EM Pulse Cannon Autogun Shotgun EMP Blaster Peak State ------------ > --- POWER ------------ Ion Engine > --- PROPULSION ------- Armored Wheel Armored Wheel > --- UTILITY ---------- High-capacity Storage Unit Improved Terrain Scanner Terrain Scan Processor Transport Network Coupler > --- WEAPON ----------- Light Cannon Improved Light Cannon > --- INVENTORY -------- Light Treads Light Treads Light Treads Light Treads Light Treads Aluminum Leg Small Storage Unit Small Storage Unit Visual Processing Unit Light Armor Plating Autogun Shotgun Shotgun Shotgun EMP Blaster [Rating: 17] Favorites ----------- Power Ion Engine Engine Ion Engine Propulsion Light Treads Treads Light Treads Wheel Armored Wheel Utility Small Storage Unit Device Seismic Detector Storage Small Storage Unit Processor Transport Network Coupler Protection Light Armor Plating Weapon Light Cannon Energy Gun Medium Laser Energy Cannon EM Pulse Cannon Ballistic Gun Assault Rifle Ballistic Cannon Light Cannon Launcher Grenade Launcher Special Weapon Mining Laser Build | -11 -10 -9 ------- Run | Yrd Mat Mat Slots Evolved 2 | . . 2 Power . | . . . Propulsion . | . . . Utility 2 | . . 2 Weapon . | . . . Parts Attached 27 | 7 4 16 Power 2 | 1 . 1 Engine 2 | 1 . 1 Core . | . . . Reactor . | . . . Propulsion 6 | 2 1 3 Treads 4 | 2 1 1 Leg . | . . . Wheel 2 | . . 2 Hover . | . . . Flight . | . . . Utility 9 | 2 . 7 Device 2 | 1 . 1 Storage 3 | 1 . 2 Processor 3 | . . 3 Hackware . | . . . Protection 1 | . . 1 Artifact . | . . . Weapon 10 | 2 3 5 Energy Gun 1 | 1 . . Energy Cannon 1 | . . 1 Ballistic Gun 3 | 1 . 2 Ballistic Cannon 3 | . 1 2 Launcher 1 | . 1 . Special Weapon 1 | . 1 . Impact Weapon . | . . . Slashing Weapon . | . . . Piercing Weapon . | . . . Special Melee Weapon . | . . . Unidentified Prototypes . | . . . Parts Lost 14 | . 1 13 Power 2 | . . 2 Propulsion 3 | . . 3 Utility 2 | . . 2 Weapon 7 | . 1 6 Highest Loss Streak 7 | . 1 7 To Critical Strikes . | . . . Average Backups 8 | 5 7 8 Power . | . 1 . Propulsion 3 | 3 2 4 Utility 2 | . 1 2 Weapon 2 | 1 2 1 Tool/Special . | . . . Unused Backups 14 | . 4 10 Power . | . . . Propulsion 6 | . 3 3 Utility 3 | . . 3 Weapon 5 | . 1 4 Tool/Special . | . . . Average Slot Usage (%) 93 | . 99 88 Engine 11 | . 14 9 Treads 21 | . 28 15 Wheel 2 | . . 5 Device 12 | . 14 10 Storage 12 | . 14 11 Processor 5 | . . 11 Protection 2 | . . 6 Ballistic Gun 8 | . 12 4 Ballistic Cannon 11 | . 11 12 Peak Build Rating 17 | 8 8 17 Average Rating 9 | 5 7 11 On Entrance 5 | . 8 8 Avg Prop Armor Cover (%) . | . . . Naked Turns . | . . . Heaviest Build 56 | 15 16 56 Greatest Support 40 | 40 40 40 Greatest Overweight (x) 16 | 4 . 16 Average Overweight (x) . | . . . Largest Inventory Capacity 20 | 8 8 20 Average Capacity 9 | 7 8 11 Most Carried 18 | 8 8 18 Average Carried 8 | 5 7 8 Final Capacity 20 | 8 8 20 Final Carried 15 | 8 8 15 Class Distribution -------------------- 93% | Mutant 6% | Skirmisher Dominant Class ---------------- Mutant | -10/Materials Mutant | -9/Materials Resources | -11 -10 -9 ----------- Run | Yrd Mat Mat Matter Collected 859 | 288 203 368 Remotely . | . . . Salvage Created 977 | 111 448 418 Parts 55 | 4 21 30 Haulers Intercepted 2 | . 1 1 Recyclers Shooed . | . . . Parts Field Recycled . | . . . Retrieved Matter . | . . . Parts Self-Destructed . | . . . Prevented . | . . . Parts Restored . | . . . Kills | -11 -10 -9 ------- Run | Yrd Mat Mat Combat Hostiles Destroyed 27 | . 13 14 Guns 6 | . 1 5 Cannons 19 | . 10 9 AOE 2 | . 2 . Classes Destroyed 10 | 2 4 4 Worker 1 | . . 1 Builder 1 | . . 1 Tunneler 1 | 1 . . Hauler 2 | . 1 1 Recycler 1 | 1 . . Watcher 2 | . 1 1 Swarmer 7 | . 3 4 Grunt 13 | . 10 3 Duelist 1 | . . 1 Sentry 6 | . . 6 Best Kill Streak 6 | 1 3 6 Combat Bots Only 6 | . 3 6 Max Kills in Single Turn 1 | 1 1 1 Gunslinging . | . . . Exploded 1 | . 1 . Melee . | . . . Uniques/NPCs Destroyed . | . . . Combat | -11 -10 -9 -------- Run | Yrd Mat Mat Hostile Shots Fired 238 | . 45 193 Missed 69 | . 11 58 Hits 169 | . 34 135 Melee 2 | . . 2 Projectile 167 | . 34 133 Critical Strikes 5 | . . 5 Damage Taken 2125 | . 448 1677 Core 458 | . 45 413 Absorbed by Shields . | . . . Core Remaining (%) 91 | 100 82 . Volleys Fired 137 | 6 42 89 Largest 2 | 2 2 2 Hottest 120 | 70 100 120 Shots Fired 210 | 12 71 127 Gun 75 | 12 34 29 Cannon 122 | . 26 96 Launcher 2 | . 2 . Special 11 | . 9 2 Kinetic 189 | 6 59 124 Thermal 18 | 6 10 2 Explosive 2 | . 2 . Electromagnetic 1 | . . 1 Robot Hit Streak 15 | 2 15 14 Robot Miss Streak 5 | 2 3 5 Penetration Max . | . . . Secondary Targets . | . . . Shots Hit Robots 125 | 6 42 77 Core Hits 53 | 3 23 27 Critical Kills . | . . . Critical Parts Destroyed . | . . . Critical Strikes 6 | . 2 4 Blast 6 | . 2 4 Melee Attacks . | . . . Impact . | . . . Slashing . | . . . Piercing . | . . . Sneak Attacks . | . . . Combat Hostiles . | . . . Follow-up Attacks . | . . . Damage Inflicted 2268 | 81 750 1437 Guns 745 | 81 284 380 Cannons 1370 | . 337 1033 Explosions 129 | . 129 . Melee . | . . . Ramming . | . . . Kinetic 2052 | 56 609 1387 Thermal 61 | 25 12 24 Explosive 129 | . 129 . Electromagnetic 26 | . . 26 Impact . | . . . Slashing . | . . . Piercing . | . . . Highest Corruption . | . . . Average Corruption . | . . . Corruption Purged . | . . . Corruption Blocked . | . . . Overload Shots . | . . . Overflow Damage 36 | . 33 3 Projectiles 3 | . . 3 Explosions 33 | . 33 . Melee . | . . . Knockbacks 7 | . 2 5 Impact . | . . . Kinetic 7 | . 2 5 Secondary . | . . . Self-Inflicted Damage 62 | . 62 . Shots 2 | . 2 . Rammed 1 | . . 1 Targets Rammed 1 | . . 1 Kicked . | . . . Crushed . | . . . Highest Temperature 60 | 27 60 49 Average Temperature 13 | 11 14 13 Received Heat Transfer 786 | . 183 603 Siege Activations . | . . . Martial Activations . | . . . Shielding Activations . | . . . Robots Disrupted . | . . . Combat Hostiles . | . . . Robots Corrupted . | . . . Combat Hostiles . | . . . Parts Fried . | . . . Impact Corruptions . | . . . Robots Melted . | . . . Combat Hostiles . | . . . Parts Melted . | . . . Heat Transferred 161 | 74 37 50 Parts Sabotaged . | . . . Parts Stolen . | . . . Parts Stripped . | . . . Power Chain Reactions . | . . . Alert | -11 -10 -9 ------- Run | Yrd Mat Mat Maximum Alert Level 1 | . . 1 Low Security (%) 99 | 100 100 97 Level 1 . | . . 2 Level 2 . | . . . Level 3 . | . . . Level 4 . | . . . Level 5 . | . . . High Security . | . . . Max Security . | . . . Peak Influence 202 | 5 105 202 Initial 34 | . . 34 Average 31 | . 36 29 Influence Increases 926 | 10 370 546 Destroy 0b10 Robot/C 540 | . 260 280 Destroy 0b10 Robot/NC 40 | 10 10 20 Destroy Leader 138 | . 54 84 Successful Hack 63 | . 24 39 Disable Machine 45 | . . 45 Destroy Structure 25 | . 22 3 Lose Combat Pursuer 75 | . . 75 Influence Decreases 741 | 10 288 443 Entered New Map 48 | . . 48 Time Decay 548 | 10 278 260 Lost Part 110 | . 10 100 Purge Threat 35 | . . 35 Squads Dispatched 2 | . 2 . Investigation 1 | . 1 . Extermination . | . . . Reinforcement 1 | . 1 . Assault . | . . . Garrison . | . . . Intercept . | . . . Searches Triggered . | . . . Construction Impeded . | . . . Haulers Reinforced . | . . . Active Scanning Responses . | . . . Cargo Convoy Interrupts . | . . . Stealth | -11 -10 -9 --------- Run | Yrd Mat Mat Distress Signals 5 | . 2 3 Communications Jammed . | . . . Distress Signals . | . . . Times Spotted 56 | . 22 34 Peak Tracking Total 7 | . 6 7 Tactical Retreats 4 | . . 4 Traps | -11 -10 -9 ------- Run | Yrd Mat Mat Traps Triggered 1 | . 1 . Indirectly . | . . . Trap Hack Attempts . | . . . Triggered . | . . . Disarmed . | . . . Reprogrammed . | . . . Reused . | . . . Traps Extracted . | . . . Installed . | . . . Triggered . | . . . Machines | -11 -10 -9 ---------- Run | Yrd Mat Mat Machines Disabled 3 | . . 3 Max in Single Turn 1 | . . 1 Machines Repaired . | . . . Machines Dismantled . | . . . Machines Sabotaged . | . . . Overloaded Fab Kills . | . . . Hacking | -11 -10 -9 --------- Run | Yrd Mat Mat Machines Accessed 14 | . 8 6 Terminals 13 | . 7 6 Fabricators . | . . . Repair Stations . | . . . Recycling Units 1 | . 1 . Scanalyzers . | . . . Garrison Access . | . . . Total Hacks 50 | . 23 27 Successful 28 | . 14 14 Failed 22 | . 9 13 Catastrophic 3 | . 2 1 Database Lockouts . | . . . Manual 23 | . 13 10 Terminals 49 | . 22 27 Fabricators . | . . . Repair Stations . | . . . Recycling Units 1 | . 1 . Scanalyzers . | . . . Garrison Access . | . . . Terminal Hacks 16 | . 7 9 Robot Analysis 1 | . . 1 Branch Access Points 1 | . 1 . Alert Level 1 | . 1 . Unreport Threat 1 | . . 1 Locate Traps 1 | . 1 . Dispatch Records 1 | . . 1 Security Status 1 | . . 1 Patrol Status 1 | . . 1 Transport Status 1 | . . 1 Reinforcement Status 1 | . 1 . Assault Status 1 | . . 1 Hauler Manifests 2 | . 1 1 Zone Layout 3 | . 2 1 Fabricator Hacks . | . . . Repair Station Hacks . | . . . Recycling Unit Hacks 1 | . 1 . Report Inventory 1 | . 1 . Scanalyzer . | . . . Garrison Access Hacks . | . . . Unauthorized Hacks 11 | . 6 5 Terminals 11 | . 6 5 Botnet 11 | . 6 5 Fabricators . | . . . Repair Stations . | . . . Recycling Units . | . . . Scanalyzers . | . . . Garrison Access . | . . . Data Cores Recovered . | . . . Used . | . . . Hacking Detections 12 | . 7 5 Full Trace Events . | . . . Feedback Events . | . . . Feedback Blocked . | . . . Robot Schematics Acquired . | . . . Robots Built . | . . . Authchips . | . . . Time . | . . . Total Robot Build Rating . | . . . Part Schematics Acquired . | . . . Parts Built . | . . . Authchips . | . . . Time . | . . . Total Part Build Rating . | . . . Part Studies Acquired . | . . . Parts Repaired . | . . . Time . | . . . Parts Recycled . | . . . Recycled Matter . | . . . Retrieved Matter . | . . . Retrieved Components . | . . . Parts Scanalyzed . | . . . Part Schematics Acquired . | . . . Parts Damaged . | . . . Bothacking | -11 -10 -9 ------------ Run | Yrd Mat Mat Used RIF Installer . | . . . Robots Hacked . | . . . Non-combat . | . . . Combat . | . . . Robot Hacks Applied . | . . . Relay Couplers Released . | . . . Fabnet Peak Effective % . | . . . Robots Rewired . | . . . Allies Hacked . | . . . Hacks Repelled . | . . . Allies | -11 -10 -9 -------- Run | Yrd Mat Mat Total Allies . | . . . Largest Group . | . . . Highest-Rated Group . | . . . Highest-Rated Ally . | . . . Total Orders . | . . . Ally Attacks . | . . . Total Damage . | . . . Kills . | . . . Allies Corrupted . | . . . Allies Melted . | . . . Intel | -11 -10 -9 ------- Run | Yrd Mat Mat Active Infowar (turns) 2115 | 25 1092 998 Optics 45 | . . 45 Terrain 774 | . . 774 Seismic 1290 | 25 1092 173 T.N.C. 825 | . . 825 Robot Analysis Total 1 | . . 1 Derelict Logs Recovered . | . . . Drone Launches . | . . . Drone Recoveries . | . . . Exploration | -11 -10 -9 ------------- Run | Yrd Mat Mat Turns Passed 2259 | 133 1092 1034 Spaces Moved 1095 | 63 576 456 Core 15 | 14 . 1 Treads 939 | 49 576 314 Legs . | . . . Wheels 141 | . . 141 Hover . | . . . Flight . | . . . Fastest Speed 50 | 50 160 105 Average Speed 154 | 153 160 148 Slowest Speed 850 | 250 160 850 Overloaded Moves . | . . . Propulsion Burnouts . | . . . Robots Hopped . | . . . Potential Cave-ins . | . . . Cave-ins Triggered . | . . . Exploration Rate (%) 42 | 4 85 39 Regions Visited 2 Branch Regions . Pre-discovered Areas . | . . . Known Exits Taken . | . . . Unknown Exits Taken 2 | 1 1 . Scrap Searched . | . . . Spaces Dug 18 | . 17 1 Terrain Destroyed 27 | . 25 2 Melee . | . . . Projectile 11 | . 9 2 AOE 16 | . 16 . Terrain Rammed . | . . . Walls Destroyed . | . . . Machines Disabled . | . . . Actions | -11 -10 -9 --------- Run | Yrd Mat Mat Total 1426 | 84 659 683 Wait 130 | 1 23 106 Move 1093 | 62 575 456 Hop . | . . . Pick Up 27 | 8 5 14 Fast Attach 12 | 7 2 3 Attach 10 | . 1 9 Detach . | . . . Swap 9 | . 4 5 Drop 7 | . 7 . Fire 137 | 6 42 89 Melee . | . . . Ram . | . . . Kick . | . . . Crush 1 | . . 1 Escape Stasis . | . . . Rewire . | . . . Trap . | . . . Miscellaneous . | . . . Route ------- -11/Scrapyard -10/Materials (discovered 4 exits: *Mat x3 / *Min) -9/Materials (discovered 2 exits: [*Min x2]) History --------- Turn | Location | Event 28 | -11/Scrapyard | Discovered new exit (range 15) 134 | -11/Scrapyard | Entered Materials 314 | -10/Materials | Build established: Mutant 633 | -10/Materials | Discovered new exit (range 16) 759 | -10/Materials | Discovered new exit (range 14) 972 | -10/Materials | Identified exit to Mines 1090 | -10/Materials | Discovered new exit (range 16) 1226 | -10/Materials | Entered another Materials area 1226 | -9/Materials | Evolved 2 slots: Utility x2 1226 | -9/Materials | Discovered new exit (range 7) 1692 | -9/Materials | Lost 3 parts (1n2w) 1961 | -9/Materials | Discovered new exit (range 14) 2164 | -9/Materials | Core integrity fell below 50% 2239 | -9/Materials | Core integrity fell below 20% 2260 | -9/Materials | Destroyed by G-47 Trooper with Particle Gun Last Messages --------------- 02189_ G-34 Mercenary destroyed. 02191_ Acquired 16 matter. 02195_ K-01 Serf collects debris. 02196_ Acquired 19 matter. 02199_ K-01 Serf collects debris. 02200_ T-07 Excavator is excavating. 02202_ K-01 Serf collects debris. 02208_ Acquired EM Pulse Cannon. 02211_ Imp. Terrain Scanner destroyed. 02212_ Acquired Adv. Visual Processing Unit. 02213_ Arm. Wheel destroyed. 02215_ Acquired Adv. Visual Processing Unit. 02225_ L-31 Rogue knocked back. 02228_ Critical hit (Burn: +37). 02232_ Imp. Light Cannon destroyed. 02239_ L-31 Rogue destroyed. 02241_ G-34 Mercenary destroyed. 02241_ Arm. Wheel destroyed. 02248_ Shotgun destroyed. 02256_ Critical hit (Burn: +37). Map ----- +----------------------------------------------------+ | | | | | | | | | | | | | ?????????????????????????????????????????????????? | | ????#????????#???????????????????????????????????? | | ???#??????#????????????#?????????????????????????? | | ?????########??????????????????#?????????????????? | | ??#?? ########?????#???????????????????????? | | ??#?? # #???##???????#????????????????? | | ???#""" # ##???#???#??#?????????????????? | | #?##""" # #?#??#?#??????????????????????? | | ???#""" # #????#?##???????#?????????????? | | #??#""" # ###???????????????????????????? | | ??## # #?##??#????#???#??????????????? | | ##?# ###+########?#???#????????#??????????? | | ???# #% # #????#???#????????????????? | | ########+#### # ""##???#?#??????#???????????? | | + ""####?#?##?????????????????? | | ### # T"###??????####?????????????? | | #?# # ""#########?#???????????????? | | ################### ""#![ ]!!##??????##?????????? | | ##############??### #!ggg!!##?#?##????????????? | | T ###?####?######=@% ###??##????????????? | | """ #??##############= % ##?##?##???????????? | | """ ##?## #######% ########## ???????? | | """ #?### ??????? | | = ##?## " ??????? | | #?### ??????? | | #### ######### ####### ####### #???????? | | ####### #### ########### ;###??## #???????? | | # [[[#### ## %*% !# # ??? #?? ????????? | | " """ # [ #?## ## """ !#% # ??"???? +???????? | | " """ # ##?# ## !=/ # """ # ? ????????? | | " """ # #### ## ==[ [#* + ""? ? ??????????? | | #[ + a/ %[%*= # #?? ? + ??????????? | | # ####+## %= # #######?#? #?#?????? | | # ## # " " # #?##?###???????????? | | # ## " # """ # # ? ? ?# ???????? | | ##/########## T # # #??? ??#??????????? | | #?###?## " ########## / ? #??????????? | | ######## =#####?#### # ? ???????????? | | T #?#??#?##########??### # ? ???? ????????? | | #?###?##### ???? ## #?#?###????????????? | | ! #??######?# ? # ##????????????????? | | # ##??# #### ?? # ??? ??????????? | | # ##??# #?## ? ??? ? ? ??????????????? | | # #?#?# #### ?? ? ? ???? ?????????????? | +----------------------------------------------------+ Best States ------------- Heat Dissipation 28 Energy Generation 10 Energy Capacity 250 Matter Stores 300 Matter Capacity 300 Sight Range 20 Terrain Scan Range 16 Terrain Scan Density 85 Armor Coverage 150 Evasion (%) 40 Recoil Reduction 2 Item Schematics ----------------- None Robot Schematics ------------------ None Fabricated ------------ Nothing Repaired ---------- Nothing Studied --------- None Alien Tech Used ----------------- None Achievements -------------- Quantum Hacking Challenges ------------ None Game ------ Seed SurveybotNetworkBroadsword Manual? 0 Play Time 00:21:59 Cumulative 25.9 hours Start 2026.02.20 @ 18:19:49 End 2026.02.20 @ 18:50:06 Sessions 1 Manual Loads 0 Difficulty Rogue Special Mode None Game No. 46 Rogue 46 Adventurer 0 Explorer 0 Win Type - Total 0 Types 0/0/0/0/0/0/0/0/0/0 Lore% 11 Gallery% 26 Achievement% 17 Wizard Run 0 Options --------- Layout 2 ASCII 0 Keyboard 1 Movement Numpad Keybinds 0 Fullscreen 1 Font 24/Smallcaps Map View 50x44 Zoom Use 0% Tactical HUD 1 Map Filters NONE Filters NONE Steam 1 RUN: 134d7f0c-6619-43ce-b28d-4b0e4d842650